 Dungeon Crawl Stone Soup version 0.21-a0-156-g77413b7 (webtiles) character file.

172968 Deeps the Executioner (level 17, -15/157 HPs)
             Began as a Minotaur Fighter on Aug 3, 2017.
             Was the Champion of Okawaru.
             Demolished by an acid blob (38 damage)
             ... on level 5 of the Pits of Slime on Aug 4, 2017.
             The game lasted 01:52:49 (25125 turns).

Deeps the Executioner (Minotaur Fighter)           Turns: 25125, Time: 01:52:50

Health: -15/157    AC: -8    Str: 43 (44) XL:     17   Next: 17%
Magic:  0/30       EV: 15    Int:  4 (5)  God:    Okawaru [******]
Gold:   380        SH:  4    Dex:  7      Spells: 16/16 levels left

rFire    + . .     SeeInvis +   N - +5 executioner's axe (vamp)
rCold    + + +     Gourm    .   (shield currently unavailable)
rNeg     . . .     Faith    .   l - +1 scale mail of Lugonu's Hope {Regen+ Str+9 Int-4}
rPois    +         Spirit   +   a - +2 hat
rElec    +         Reflect  .   Z - scarf of Focus {rCorr Int+4 SInv}
rCorr    +         Harm     .   f - +1 pair of gloves {Str+3}
MR       ++...                  O - +2 pair of boots
Stlth    ..........             X - amulet "Ituso" {Spirit Str+4 Dex-3 Slay+2}
HPRegen  0.76/turn              U - ring of poison resistance
MPRegen  0.22/turn              Y - ring of Compassion {rElec rF+ rC+++ MP+9 Str-2}

@: corroded
A: retaliatory headbutt, horns 2, repulsion field 1, large bone plates 1, yellow
scales 1, cold resistance 1, deterioration 1, high mp 1, magic resistance 1,
strong 1, subdued magic 1
}: 1/15 runes: serpentine
a: Heroism, Finesse, Renounce Religion


You were on level 5 of the Pits of Slime.
You worshipped Okawaru.
Okawaru was exalted by your worship.
You were not hungry.

You visited 5 branches of the dungeon, and saw 26 of its levels.
You visited the Abyss 1 time.

You collected 1763 gold pieces.
You spent 1383 gold pieces at shops.

Inventory:

Hand Weapons
 k - the +1 war axe "Bumiwesch" {venom, MP-9 Str+8}
   (Okawaru gifted it to you on level 6 of the Lair of Beasts)

   It poisons the flesh of those it strikes.
   It affects your strength (+8).
   It affects your magic capacity (-9).
 r - the +12 hand axe "Pupnu" {pain, rF+ MR+ Str+2}
   (You found it on level 4 of the Dungeon)

   In the hands of one skilled in necromantic magic, it inflicts extra damage on
   living creatures.
   It affects your strength (+2).
   It protects you from fire.
   It affects your resistance to hostile enchantments.
 E - a +2 broad axe of flaming
 N - a +5 vampiric executioner's axe (weapon)
Armour
 a - a +2 hat (worn)
 c - a +2 shield of poison resistance
 d - the +0 pair of fencer's gloves {+Riposte Dex+3}
   (You found it on level 2 of the Lair of Beasts)

   It affects your dexterity (+3).
 f - a +1 pair of gloves of strength (worn)
 l - the +1 scale mail of Lugonu's Hope (worn) {Regen+ Str+9 Int-4}
   (You found it on level 4 of the Snake Pit)

   It affects your strength (+9).
   It affects your intelligence (-4).
   It increases your rate of regeneration.
 n - a +0 pair of gloves of archery
 s - a +0 plate armour
 u - a +3 chain mail of cold resistance
 O - a +2 pair of boots (worn)
 V - a +3 plate armour of poison resistance
 Z - the scarf of Focus (worn) {rCorr Int+4 SInv}
   (Okawaru gifted it to you on level 4 of the Snake Pit)

   It affects your intelligence (+4).
   It lets you see invisible.
   It protects you from acid and corrosion.
Jewellery
 b - an uncursed ring of flight
 B - an uncursed ring of see invisible
 U - a ring of poison resistance (left hand)
 W - an uncursed ring of protection from fire
 X - the amulet "Ituso" (around neck) {Spirit Str+4 Dex-3 Slay+2}
   (You bought it in a shop on level 6 of the Dungeon)

   [amulet of guardian spirit]

   It causes incoming damage to be split between your health and magic.
   It affects your strength (+4).
   It affects your dexterity (-3).
   It affects your accuracy and damage with ranged weapons and melee attacks
   (+2).
 Y - the ring of Compassion (right hand) {rElec rF+ rC+++ MP+9 Str-2}
   (You bought it in a shop on level 7 of the Dungeon)

   [ring of magical power]

   It affects your strength (-2).
   It protects you from fire.
   It renders you almost immune to cold.
   It insulates you from electricity.
   It affects your magic capacity (+9).
Wands
 v - a wand of random effects (24/48)
 A - a wand of paralysis (14/24)
 F - a wand of enslavement (3/24)
 J - a wand of digging (13/24)
Scrolls
 e - 2 scrolls of identify
 g - 7 scrolls of remove curse
 i - 3 scrolls of teleportation
 m - 3 scrolls of fear
 q - 3 scrolls of amnesia
 w - a scroll of blinking
 y - 4 scrolls of fog
 D - a scroll of enchant armour
 M - 2 scrolls of recharging
Potions
 j - 2 potions of curing
 p - a potion of agility
 x - a potion of invisibility
 z - 4 potions of ambrosia
 Q - a potion of haste {unknown}
 S - 2 potions of brilliance
Comestibles
 h - 47 fruits
 o - 6 meat rations
 t - 7 bread rations
 L - 3 royal jellies


   Skills:
 - Level 15.7 Fighting
 + Level 26.7 Axes
 - Level 9.7 Armour
 - Level 6.1 Dodging
 - Level 7.6 Shields
 - Level 4.1 Invocations
 - Level 3.6 Evocations


You had 16 spell levels left.
You didn't know any spells.

Dungeon Overview and Level Annotations

Branches:
Dungeon (10/15)            Temple (1/1) D:6            Lair (6/6) D:10
 Shoals (0/4) Lair:2        Snake (4/4) Lair:4        Slime (5/5) Lair:6
    Orc: D:9-12

Altars:
Dithmenos
Elyvilon
Fedhas
Gozag
Hepliaklqana
Kikubaaqudgha
Makhleb
Okawaru
Qazlal
Trog
Uskayaw
Xom
Yredelemnul
Zin
The Shining One
Jiyva

Shops:
D:4 [   D:5 !   D:6 =   D:7 (==:

Portals:
Hell: Lair:6

Annotations:
D:9 exclusion: ice statue
Lair:3 exclusion: oklob plant
Slime:5 Royal Jelly


Innate Abilities, Weirdness & Mutations

You reflexively headbutt those who attack you in melee.
You have a pair of horns on your head.
You are surrounded by a mild repulsion field. (EV +2)
You are partially covered in large bone plates. (SH +4)
You are partially covered in yellow scales. (AC +2)
Your flesh is cold resistant. (rC+)
Your body sometimes deteriorates upon taking damage.
You have an increased reservoir of magic. (+10% MP)
You are resistant to hostile enchantments. (MR+)
Your muscles are strong. (Str +2)
Your spells are a little easier to cast, but a little less powerful.


Message History

The bolt of energy misses you. The golden eye blinks at you.
You resist with almost no effort.
You slice the acid blob!!
You feel better.
Your hands burn!
* * * LOW HITPOINT WARNING * * *
You headbutt the acid blob, but do no damage.
The acid blob is moderately wounded.
You slice the eye of devastation!!
You kill the eye of devastation!
Okawaru accepts your kill.
You completely miss the golden eye. The golden eye blinks at you.
You resist with some effort. The acid blob spits acid at you.
The splash of acid hits you! You resist.
* * * LOW HITPOINT WARNING * * *
You are splashed with acid!
The acid burns!
You resist.
* * * LOW HITPOINT WARNING * * *
The acid blob hits you!!!
You die...

#................
.................
.................
.................
.................
........J........
.................
.........ยง........
#.....G..G@.......
#.........J.......
..................
.............J....
..................
...............G..
............##.#..
............# ###.
..........###


You could see 2 acid blobs, a slime creature, an eye of devastation and 2 golden
eyes.

Vanquished Creatures
  6 acid blobs
  A tentacled starspawn (Abyss:1)
  Frances (Snake:2)
  Roxanne (Snake:1)
  8 nagarajas
  2 azure jellies
  A death ooze (Slime:5)
  Snorg (Lair:4)
  Josephine (D:10)
  18 naga warriors
  6 hydras
  11 anacondas
  2 two-headed ogres (D:10)
  A thrashing horror (Abyss:1)
  9 shock serpents
  9 naga sharpshooters
  Sonja (Lair:4)
  A sun demon (Lair:6)
  A sixfirhy (Abyss:1)
  2 salamander mystics
  2 unseen horrors (D:10)
  4 naga ritualists
  11 sea snakes (Snake:4)
  A wizard (Lair:6)
  Pikel (D:4)
  9 mana vipers
  8 salamanders
  A worldbinder (Abyss:1)
  2 shining eyes
  An ugly thing (D:10)
  9 elephants
  12 guardian serpents
  An apocalypse crab (Abyss:1)
  Psyche (D:10)
  3 orange demons (Lair:6)
  35 black mambas
  2 eyes of devastation
  10 naga magi
  2 smoke demons (Abyss:1)
  A gargoyle (D:10)
  11 spiny frogs
  A hellwing (Lair:6)
  3 red devils (Lair:6)
  5 rime drakes
  3 komodo dragons
  An ice devil (Abyss:1)
  A troll (D:9)
  2 polar bears
  A hornet (D:10)
  Grinder (D:3)
  5 blink frogs
  51 slime creatures
  20 dream sheep
  3 hippogriffs
  3 large abominations (Abyss:1)
  A snapping turtle (Lair:2)
  An air elemental (Abyss:1)
  Sigmund (D:2)
  5 wraiths (D:10)
  2 wyverns
  Eustachio (D:5)
  A vampire (D:9)
  21 yaks
  5 golden eyes (Slime:3)
  A chaos spawn (Abyss:1)
  3 hungry ghosts
  3 basilisks
  A spatial vortex (Abyss:1)
  55 nagas
  16 water moccasins
  Duvessa (D:6)
  10 porcupines
  2 ice beasts
  3 orc warriors
  2 black bears (D:10)
  3 hell hounds (Lair:6)
  A phantom (D:9)
  3 sky beasts
  A slave (D:4)
  An eye of draining (Slime:3)
  19 wolves
  4 centaurs
  15 crocodiles
  2 big kobolds
  17 bullfrogs
  A gnoll sergeant (D:8)
  Dowan (D:6)
  4 scorpions
  A small abomination (Abyss:1)
  A wight (D:7)
  7 electric eels
  2 howler monkeys
  3 crimson imps
  A bullfrog zombie (D:10)
  A quasit (Abyss:1)
  10 hounds
  A gnoll shaman (D:10)
  8 orc priests
  2 jellies (D:10)
  10 orc wizards
  Ijyb (D:3)
  4 bullfrog skeletons
  2 centaur skeletons
  Terence (D:2)
  2 iguanas
  6 worker ants
  A hound skeleton (D:6)
  14 gnolls
  A howler monkey skeleton (D:5)
  18 adders
  3 white imps (Abyss:1)
  An ufetubus (Abyss:1)
  An adder zombie (D:8)
  5 worms
  2 dart slugs
  9 leopard geckos
  30 orcs
  2 ball pythons
  10 giant cockroaches
  4 goblins
  5 hobgoblins
  15 jackals
  4 quokkas
  4 bats
  9 frilled lizards
  8 kobolds
  2 leopard gecko skeletons
  A quokka skeleton (D:8)
  8 rats
  4 fungi
  A starspawn tentacle (Abyss:1)
742 creatures vanquished.

Vanquished Creatures (others)
  A salamander (Snake:4)
  A guardian serpent (Snake:4)
  A naga mage (Snake:2)
  A slime creature (Slime:1)
  A golden eye (Slime:5)
  A slave (D:4)
  A bullfrog (D:4)
  5 fungi
  7 plants
  3 starspawn tentacles (Abyss:1)
22 creatures vanquished.

Grand Total: 764 creatures vanquished

Notes
Turn   | Place    | Note
-------+----------+-------------------------------------------
     0 | D:1      | Deeps the Minotaur Fighter began the quest for the Orb.
     0 | D:1      | Reached XP level 1. HP: 19/19 MP: 0/0
    88 | D:1      | Reached XP level 2. HP: 23/27 MP: 1/1
   181 | D:1      | Reached skill level 3 in Axes
   590 | D:2      | Reached XP level 3. HP: 23/33 MP: 2/2
   696 | D:2      | Noticed Sigmund
   707 | D:2      | Killed Sigmund
   707 | D:2      | Reached skill level 5 in Fighting
   707 | D:2      | Reached skill level 5 in Axes
   707 | D:2      | Reached XP level 4. HP: 29/42 MP: 3/3
   707 | D:2      | Reached XP level 5. HP: 34/49 MP: 4/4
   736 | D:2      | Noticed Terence
   742 | D:2      | Killed Terence
  1070 | D:3      | Reached XP level 6. HP: 40/57 MP: 5/5
  1280 | D:3      | Noticed Grinder
  1294 | D:3      | Killed Grinder
  1294 | D:3      | Reached skill level 6 in Axes
  1412 | D:3      | Reached XP level 7. HP: 66/66 MP: 6/6
  1588 | D:3      | Noticed Ijyb
  1596 | D:3      | Paralysed by Ijyb for 3 turns
  1599 | D:3      | Killed Ijyb
  1693 | D:3      | Reached skill level 7 in Axes
  2278 | D:4      | Found Irphidec's Armour Shop.
  2668 | D:4      | Noticed Pikel
  2681 | D:4      | Killed Pikel
  2681 | D:4      | Reached skill level 9 in Axes
  2681 | D:4      | Reached XP level 8. HP: 23/78 MP: 7/7
  3300 | D:4      | Got a fine hand axe
  3301 | D:4      | Identified the +12 hand axe "Pupnu" {pain, rF+ MR+ Str+2} (You found it on level 4 of the Dungeon)
  3371 | D:5      | Entered Level 5 of the Dungeon
  3461 | D:5      | Noticed Eustachio
  3492 | D:5      | Killed Eustachio
  3513 | D:5      | Reached skill level 10 in Fighting
  3648 | D:5      | Found Taorheq's Distillery.
  3830 | D:5      | Reached skill level 10 in Axes
  4394 | D:6      | Found Uquot's Jewellery Emporium.
  4455 | D:6      | Gained mutation: You are robust. (+10% HP) [mutagenic meat]
  4456 | D:6      | Found a white marble altar of Elyvilon.
  4526 | D:6      | Found a staircase to the Ecumenical Temple.
  4568 | D:6      | Noticed Duvessa
  4568 | D:6      | Noticed Dowan
  4580 | D:6      | Killed Duvessa
  4580 | D:6      | Reached XP level 9. HP: 86/94 MP: 8/8
  4585 | D:6      | Killed Dowan
  4985 | D:7      | Reached skill level 11 in Axes
  5058 | D:7      | Found Ykyshrun's Jewellery Boutique.
  5168 | D:7      | Found Wyarih's Book Shoppe.
  5238 | D:7      | Found Onuar's Weapon Boutique.
  5270 | D:7      | Found Pear's Jewellery Boutique.
  5401 | D:7      | Lost mutation: You are robust. (+10% HP) [potion of mutation]
  5401 | D:7      | Gained mutation: Your spells are a little easier to cast, but a little less powerful. [potion of mutation]
  5401 | D:7      | Gained mutation: You have large cloven feet. [potion of mutation]
  5401 | D:7      | Gained mutation: You are weak. (Str -2) [potion of mutation]
  5401 | D:7      | Gained mutation: You evolve. [potion of mutation]
  6224 | Temple   | Entered the Ecumenical Temple
  6235 | Temple   | Became a worshipper of Warmaster Okawaru
  6399 | D:8      | Found a white marble altar of Elyvilon.
  6461 | D:8      | Reached skill level 12 in Axes
  6784 | D:8      | Found a blossoming altar of Fedhas.
  6784 | D:8      | Found a basalt altar of Yredelemnul.
  6827 | D:8      | Found a glowing golden altar of the Shining One.
  6875 | D:8      | Reached XP level 10. HP: 99/99 MP: 9/9
  7132 | D:9      | Noticed an ice statue
  7152 | D:9      | Found an opulent altar of Gozag.
  7168 | D:9      | Reached * piety under Okawaru
  7749 | D:9      | Gained mutation: You are robust. (+10% HP) [evolution]
  7778 | D:10     | Entered Level 10 of the Dungeon
  8080 | D:10     | Killed an unseen horror
  8080 | D:10     | Reached ** piety under Okawaru
  8080 | D:10     | Reached skill level 13 in Axes
  8625 | D:10     | Killed an unseen horror
  8737 | D:10     | Noticed a green ugly thing
  8741 | D:10     | Noticed a two-headed ogre
  8746 | D:10     | Killed a two-headed ogre
  8746 | D:10     | Reached *** piety under Okawaru
  8754 | D:10     | Killed a green ugly thing
  8754 | D:10     | Reached skill level 14 in Axes
  8754 | D:10     | Reached XP level 11. HP: 73/121 MP: 10/10
  9216 | D:10     | Noticed Josephine
  9218 | D:10     | Noticed Psyche
  9254 | D:10     | Killed Josephine
  9254 | D:10     | Reached **** piety under Okawaru
  9260 | D:10     | Noticed a two-headed ogre
  9858 | D:10     | Paralysed by a hornet for 2 turns
 10182 | D:10     | Killed Psyche
 10186 | D:10     | Killed a two-headed ogre
 10201 | D:10     | Found a staircase to the Lair.
 10430 | D:10     | Reached skill level 15 in Fighting
 10480 | Lair:1   | Entered Level 1 of the Lair of Beasts
 10541 | Lair:1   | Reached ***** piety under Okawaru
 10541 | Lair:1   | Reached skill level 1 in Dodging
 10734 | Lair:1   | Found an opulent altar of Gozag.
 11005 | Lair:1   | Reached skill level 5 in Armour
 11136 | Lair:1   | Reached skill level 5 in Shields
 11390 | Lair:1   | Identified a scroll of acquirement
 11397 | Lair:1   | Gained mutation: You have a pair of large horns on your head. [evolution]
 11481 | Lair:2   | Noticed a six-headed hydra
 11588 | Lair:1   | HP: 6/123 [poisoned by a spiny frog]
 11593 | Lair:1   | HP: 5/123 [poisoned by a spiny frog]
 11599 | Lair:1   | HP: 3/123 [poisoned by a spiny frog]
 11607 | Lair:1   | HP: 4/123 [poisoned by a spiny frog]
 11615 | Lair:1   | HP: 4/123 [poisoned by a spiny frog]
 12363 | Lair:2   | Killed a six-headed hydra
 12363 | Lair:2   | Reached XP level 12. HP: 69/130 MP: 11/11
 12668 | Lair:2   | Received a gift from Okawaru
 12735 | Lair:2   | Reached skill level 5 in Dodging
 12955 | Lair:2   | Found a staircase to the Shoals.
 13557 | Lair:3   | Noticed a six-headed hydra
 13570 | Lair:3   | Killed a six-headed hydra
 13570 | Lair:3   | Reached ****** piety under Okawaru
 14242 | Lair:3   | Reached skill level 15 in Axes
 14292 | Lair:3   | Lost mutation: You evolve. [potion of mutation]
 14292 | Lair:3   | Lost mutation: You are weak. (Str -2) [potion of mutation]
 14292 | Lair:3   | Lost mutation: You are robust. (+10% HP) [potion of mutation]
 14292 | Lair:3   | Gained mutation: Your muscles are strong. (Str +2) [potion of mutation]
 14292 | Lair:3   | Gained mutation: You are surrounded by a mild repulsion field. (EV +2) [potion of mutation]
 14292 | Lair:3   | Gained mutation: You have an increased reservoir of magic. (+10% MP) [potion of mutation]
 14292 | Lair:3   | Gained mutation: Your flesh is cold resistant. (rC+) [potion of mutation]
 14784 | Lair:4   | Identified the Incunabulum of the Ensnaring Voyage
 14802 | Lair:4   | Found a staircase to the Snake Pit.
 14835 | Lair:4   | Noticed Sonja
 14853 | Lair:4   | Cast into level 1 of the Abyss (Sonja)
 15116 | Abyss:1  | Gained mutation: You are robust. (+10% HP) [mutagenic meat]
 15127 | Abyss:1  | Lost mutation: You are robust. (+10% HP) [mutagenic meat]
 15128 | Abyss:1  | Gained mutation: You expend magic power (3 MP) to strengthen your wands. [mutagenic meat]
 15179 | Abyss:1  | Received a gift from Okawaru
 15190 | Abyss:1  | Noticed a tentacled starspawn
 15201 | Abyss:1  | Killed a tentacled starspawn
 15201 | Abyss:1  | Reached skill level 16 in Axes
 15201 | Abyss:1  | Reached XP level 13. HP: 127/128 MP: 13/13
 15205 | Lair:4   | Escaped the Abyss
 15215 | Lair:4   | Killed Sonja
 15659 | Lair:4   | Lost mutation: You have a pair of large horns on your head. [potion of mutation]
 15659 | Lair:4   | Gained mutation: You are partially covered in large bone plates. (SH +4) [potion of mutation]
 15659 | Lair:4   | Lost mutation: You have large cloven feet. [potion of mutation]
 15659 | Lair:4   | Gained mutation: Your body sometimes deteriorates upon taking damage. [potion of mutation]
 15659 | Lair:4   | Gained mutation: You are partially covered in yellow scales. (AC +2) [potion of mutation]
 15678 | Lair:4   | Noticed Snorg
 15750 | Lair:4   | Killed Snorg
 16627 | Lair:5   | Received a gift from Okawaru
 16627 | Lair:5   | Reached skill level 17 in Axes
 16939 | Lair:6   | Entered Level 6 of the Lair of Beasts
 17132 | Lair:6   | Reached skill level 18 in Axes
 17238 | Lair:6   | Found a viscous altar of Jiyva.
 17239 | Lair:6   | Found a staircase to the Slime Pits.
 17277 | Lair:6   | Received a gift from Okawaru
 17287 | Lair:6   | Got a jewelled war axe {god gift}
 17288 | Lair:6   | Identified the +1 war axe "Bumiwesch" {venom, MP-9 Str+8} (Okawaru gifted it to you on level 6 of the Lair of Beasts)
 17375 | Lair:6   | Found a burning altar of Makhleb.
 17410 | Lair:6   | Reached skill level 19 in Axes
 17706 | Lair:6   | Found a gateway to Hell.
 17775 | Lair:6   | Reached XP level 14. HP: 136/136 MP: 4/14
 17950 | Lair:6   | Received a gift from Okawaru
 17959 | Lair:6   | Received a gift from Okawaru
 18294 | Lair:6   | Reached skill level 20 in Axes
 18458 | Snake:1  | Entered Level 1 of the Snake Pit
 18487 | Snake:1  | Noticed Roxanne
 19015 | Snake:1  | Found a hazy altar of Hepliaklqana.
 19049 | Snake:1  | Received a gift from Okawaru
 19444 | Snake:1  | Killed Roxanne
 19447 | Snake:1  | Reached skill level 21 in Axes
 19859 | Snake:2  | Received a gift from Okawaru
 20004 | Snake:2  | Gained mutation: You are resistant to hostile enchantments. (MR+) [mutagenic meat]
 20006 | Snake:2  | Lost mutation: You expend magic power (3 MP) to strengthen your wands. [mutagenic meat]
 20007 | Snake:2  | Gained mutation: You are dopey. (Int -2) [mutagenic meat]
 20008 | Snake:2  | Lost mutation: You are dopey. (Int -2) [mutagenic meat]
 20498 | D:6      | Bought the amulet "Ituso" {Spirit Str+4 Dex-3 Slay+2} for 522 gold pieces
 20837 | D:7      | Bought the ring of Compassion {rElec rF+ rC+++ MP+9 Str-2} for 861 gold pieces
 21131 | Snake:2  | Reached skill level 1 in Invocations
 21138 | Snake:2  | Reached skill level 1 in Evocations
 21270 | Snake:2  | Noticed a nagaraja
 21279 | Snake:2  | Killed a nagaraja
 21279 | Snake:2  | Reached XP level 15. HP: 112/143 MP: 16/17
 21330 | Snake:2  | Noticed Frances
 21339 | Snake:2  | Killed Frances
 21867 | Snake:3  | Reached skill level 22 in Axes
 22231 | Snake:3  | Received a gift from Okawaru
 22661 | Snake:4  | Entered Level 4 of the Snake Pit
 22689 | Snake:4  | Received a gift from Okawaru
 22697 | Snake:4  | Got an encrusted scarf {god gift}
 22703 | Snake:4  | Identified the scarf of Focus {rCorr Int+4 SInv} (Okawaru gifted it to you on level 4 of the Snake Pit)
 22714 | Snake:4  | Reached skill level 23 in Axes
 23126 | Snake:4  | Noticed a nagaraja
 23147 | Snake:4  | Killed a nagaraja
 23361 | Snake:4  | Reached skill level 24 in Axes
 23361 | Snake:4  | Reached XP level 16. HP: 135/150 MP: 19/19
 23366 | Snake:4  | Got a smelly scale mail
 23367 | Snake:4  | Identified the +1 scale mail of Lugonu's Hope {Regen+ Str+9 Int-4} (You found it on level 4 of the Snake Pit)
 23789 | Snake:4  | Received a gift from Okawaru
 23897 | Snake:4  | Reached skill level 25 in Axes
 24356 | Snake:4  | Got a serpentine rune of Zot
 24392 | Snake:4  | Upgraded the game from 0.21-a0-154-gb5400c9 to 0.21-a0-155-gb8a8bae
 24594 | Slime:1  | Entered Level 1 of the Pits of Slime
 24594 | Slime:1  | Noticed an acid blob
 24601 | Slime:1  | Killed an acid blob
 24603 | Slime:1  | Noticed an acid blob
 24622 | Lair:6   | HP: 6/150 [acid blob (24)]
 24637 | Lair:6   | Upgraded the game from 0.21-a0-155-gb8a8bae to 0.21-a0-156-g77413b7
 24773 | Lair:6   | Killed an acid blob
 24773 | Lair:6   | Received a gift from Okawaru
 24858 | Slime:2  | Reached skill level 26 in Axes
 24875 | Slime:3  | Noticed an acid blob
 24885 | Slime:3  | Killed an acid blob
 24941 | Slime:4  | Noticed an acid blob
 24942 | Slime:4  | Killed an acid blob
 24942 | Slime:4  | Received a gift from Okawaru
 24942 | Slime:4  | Reached XP level 17. HP: 156/157 MP: 5/21
 25073 | Slime:5  | Entered Level 5 of the Pits of Slime
 25073 | Slime:5  | Noticed an acid blob
 25078 | Slime:5  | Killed an acid blob
 25081 | Slime:5  | Noticed an acid blob
 25093 | Slime:5  | Killed an acid blob
 25100 | Slime:5  | Noticed the Royal Jelly
 25101 | Slime:5  | Noticed an acid blob
 25113 | Slime:5  | Noticed an acid blob
 25118 | Slime:5  | Noticed an acid blob
 25125 | Slime:5  | Demolished by an acid blob

Vault maps used:
D:1:      lordsloth_arrival_two_stooges
D:2:      uniq_sigmund, uniq_terence
D:3:      minmay_lizard_king, uniq_ijyb, uniq_grinder
D:4:      serial_shops, shop, minmay_cupped, uniq_pikel
D:5:      gup_sewer_entry_bowl, first_bread, serial_shops, nicolae_shop_trees,
          uniq_eustachio
D:6:      old_standard_altar, minmay_temple_entry_from_below_a, serial_shops,
          nicolae_shop_stone, corexii_item_surrounded_by_moat,
          roderic_curled_sauvastika, uniq_duvessa
D:7:      serial_shops, shop, shop_fountains, shop, kennysheep_little_box,
          hangedman_minor_gate_pass
D:8:      nicolae_overflow_hidden_temple, gammafunk_temple_overflow_pools,
          blue_anna_alchemist, elyvilon_altar_4
D:9:      cheibrodos_frozen_isle, basic_altar, serial_glass, glass_columns_a,
          glass_columns_c
D:10:     grunt_lair_entry_orc_guard_hut, minmay_strange_pillars,
          minmay_misc_feat_chi, uniq_psyche, uniq_josephine
Temple:   eino_narrow_crystal_temple
Lair:1:   basic_altar
Lair:2:   minmay_shoals_entry_hut, grunt_megastairs_5, lemuel_fruit_fields,
          serial_bayou_shore_a
Lair:3:   nicolae_quartered_pool_medium, minmay_lair_oklob_bushes
Lair:4:   minmay_snake_entry_guardpost_small, uniq_snorg, uniq_sonja
Lair:5:   serial_bayou_shore_b, lemuel_fruit_fields
Lair:6:   evil_forest, slime_altar_1
Snake:1:  basic_altar, serial_bayou_shore_b, uniq_roxanne
Snake:2:  uniq_frances
Snake:3:  lemuel_fruit_tree
Snake:4:  grunt_snake_rune_pools, grunt_ministairs_12, grunt_megastairs_2,
          serial_bayou_shore_b
Slime:1:  cheibrodos_slime_lost_civilization_10

Skill      XL: |  1  2  3  4  5  6  7  8  9 10 11 12 13 14 15 16 |
---------------+-------------------------------------------------+-----
Axes           | 3 5 6 9 10 12 14 16 19 21 24 26 | 26.7
Fighting       | 4 5 6 7 9 10 12 14 15 | 15.7
Armour         | 6 9 |  9.7
Dodging        | 4 6 |  6.1
Shields        | 6 7 |  7.6
Invocations    | 2 4 |  4.1
Evocations     | 2 3 |  3.6

Action                   |  1- 3 |  4- 6 |  7- 9 | 10-12 | 13-15 | 16-18 || total
-------------------------+-------+-------+-------+-------+-------+-------++-------
Melee: War axe           |    42 |    61 |   140 |       |   298 |       ||   541
       Headbutt          |     7 |    18 |    48 |   120 |   213 |    70 ||   476
       Hand axe          |       |       |   177 |   496 |   189 |       ||   862
       Morningstar       |       |       |       |    28 |       |       ||    28
       Broad axe         |       |       |       |       |    23 |       ||    23
       Executioner's axe |       |       |       |       |   271 |   235 ||   506
Evoke: Wand              |       |       |     3 |     4 |     5 |     3 ||    15
  Use: Potion            |     3 |       |    10 |     7 |     2 |     4 ||    26
       Scroll            |       |       |     5 |    22 |     8 |     5 ||    40
  Eat: Chunk             |       |     1 |    10 |     6 |     8 |       ||    25
       Bread ration      |       |       |     1 |       |       |     1 ||     2
       Meat ration       |       |       |     1 |     6 |     3 |     1 ||    11
       Royal jelly       |       |       |       |       |     2 |       ||     2
       Fruit             |       |       |       |       |     8 |       ||     8
Armor: Scale mail        |    20 |    24 |    57 |       |       |   100 ||   201
       Chain mail        |       |       |    66 |   227 |   124 |       ||   417
       Plate armour      |       |       |       |       |   197 |       ||   197
Dodge: Dodged            |    14 |    17 |    69 |   101 |   238 |   174 ||   613
Block: Shield            |    26 |    26 |   138 |   143 |       |       ||   333
       Large shield      |       |       |       |   170 |   521 |       ||   691
       Other             |       |       |       |       |    52 |    35 ||    87
